AAA
OTTAWA BEAVERS @ RENO RAILERS
05/04/2060
 
TOP OF THE 1ST
Ottawa Beavers batting - Pitching for Reno Railers : RHP Moochie Cahn
Pitching: RHP Moochie Cahn
Batting: RHB Benny Ackley 0-0: Ball
1-0: Called Strike
1-1: Foul Ball, location: 2F
1-2: Ball
2-2: SINGLE (Groundball, 56, EV 108.8 MPH) (infield hit)
Batting: RHB Julius Simpson 0-0: Called Strike
0-1: Fly out, F7 (Line Drive, 7, EV 108.8 MPH)
Batting: LHB Wyatt Ludwig Pickoff Play to 1st, Runner tries for 2nd, OUT after rundown.
0-0: Called Strike
0-1: Ball
1-1: Foul Ball, location: 2F
1-2: Strikes out looking
Top of the 1st over - 0 runs, 1 hit, 0 errors, 0 left on base; Ottawa 0 - Reno 0
BOTTOM OF THE 1ST
Reno Railers batting - Pitching for Ottawa Beavers : RHP Sidney Veisflog
Pitching: RHP Sidney Veisflog
Batting: SHB Braden Kelley 0-0: Ground out 4-3 (Groundball, 4, EV 86.2 MPH)
Batting: LHB Waylon Spada 0-0: Swinging Strike
0-1: Foul Ball, location: 2F
0-2: Foul Ball, location: 2F
0-2: Ball
1-2: Foul Ball, location: 2F
1-2: Foul Ball, location: 2F
1-2: Ball
2-2: Foul Ball, location: 2F
2-2: Ground out 1-3 (Groundball, 15S, EV 62.5 MPH)
Batting: RHB Harry Fischer 0-0: Ball
1-0: Foul Ball, location: 2F
1-1: Foul Ball, location: 2F
1-2: Ground out 4-3 (Groundball, 4M, EV 101.9 MPH)
Bottom of the 1st over - 0 runs, 0 hits, 0 errors, 0 left on base; Ottawa 0 - Reno 0
TOP OF THE 2ND
Ottawa Beavers batting - Pitching for Reno Railers : RHP Moochie Cahn
Batting: LHB Cole Tester 0-0: Ball
1-0: Ball
2-0: Called Strike
2-1: Foul Ball, location: 2F
2-2: Fly out, F8 (Flyball, 89M, EV 93.1 MPH)
Batting: RHB Carlos Kinney 0-0: SINGLE (Flyball, 6D, EV 90.6 MPH)
Batting: RHB Gavin Wright 0-0: Ball
1-0: Ball
2-0: Ball
3-0: Base on Balls
Carlos Kinney to second
Batting: SHB Jim Arvin 0-0: Ball
1-0: Fielders Choice at 2nd, 3-6 (Groundball, 3, EV 90.0 MPH)
Carlos Kinney to third
Batting: SHB Darren Clark 0-0: Ball
1-0: Ball
2-0: Fielders Choice at 2nd, 5-4 (Groundball, 56, EV 85.6 MPH)
Top of the 2nd over - 0 runs, 1 hit, 0 errors, 2 left on base; Ottawa 0 - Reno 0
BOTTOM OF THE 2ND
Reno Railers batting - Pitching for Ottawa Beavers : RHP Sidney Veisflog
Batting: RHB Rex Manning 0-0: Called Strike
0-1: Foul Ball, location: 2F
0-2: Ball
1-2: Ball
2-2: Strikes out looking
Batting: RHB Sol Djojohadiksumo 0-0: Ball
1-0: Ball
2-0: Ball
3-0: Fly out, F7 (Flyball, 7S, EV 91.2 MPH)
Batting: SHB Ke'Ron Nicolescu 0-0: Foul Ball, location: 2F
0-1: Swinging Strike
0-2: Ball
1-2: Ball
2-2: Foul Ball, location: 2F
2-2: Strikes out looking
Bottom of the 2nd over - 0 runs, 0 hits, 0 errors, 0 left on base; Ottawa 0 - Reno 0
TOP OF THE 3RD
Ottawa Beavers batting - Pitching for Reno Railers : RHP Moochie Cahn
Batting: RHB Trent Gianopulos 0-0: Foul Ball, location: 2F
0-1: Ball
1-1: Ball
2-1: Ball
3-1: Hit by Pitch
Batting: RHB Benny Ackley 0-0: Ball
1-0: 2-RUN HOME RUN (Flyball, 78XD, EV 111.2 MPH), Distance : 400 ft
Batting: RHB Julius Simpson 0-0: Ball
1-0: Ground out 6-3 (Groundball, 6M, EV 90.0 MPH)
Batting: LHB Wyatt Ludwig 0-0: Ball
1-0: Ball
2-0: Ball
3-0: Base on Balls
Batting: LHB Cole Tester 0-0: SINGLE (Line Drive, 3D, EV 99.4 MPH)
Wyatt Ludwig to second
Batting: RHB Carlos Kinney 0-0: Called Strike
0-1: Foul Ball, location: 2F
0-2: Strikes out swinging
Batting: RHB Gavin Wright 0-0: Foul Ball, location: 2F
0-1: Ball
1-1: Swinging Strike
1-2: Foul Ball, location: 2F
1-2: Ball
2-2: Ball
Wild Pitch!
Wyatt Ludwig to third
Cole Tester to second
3-2: Fly out, F9 (Flyball, 9, EV 77.5 MPH)
Top of the 3rd over - 2 runs, 2 hits, 0 errors, 2 left on base; Ottawa 2 - Reno 0
BOTTOM OF THE 3RD
Reno Railers batting - Pitching for Ottawa Beavers : RHP Sidney Veisflog
Batting: LHB Jon Dutton 0-0: Swinging Strike
0-1: SINGLE (Line Drive, 78S, EV 112.5 MPH)
Batting: RHB Seth Allen 0-0: Ball
1-0: Ball
2-0: Called Strike
2-1: Grounds into double play, 6-4-3 (Groundball, 6, EV 101.2 MPH)
Batting: RHB Marcus Ross 0-0: Called Strike
0-1: Ball
1-1: Called Strike
1-2: Fly out, F9 (Line Drive, 9LS, EV 94.4 MPH)
Bottom of the 3rd over - 0 runs, 1 hit, 0 errors, 0 left on base; Ottawa 2 - Reno 0
TOP OF THE 4TH
Ottawa Beavers batting - Pitching for Reno Railers : RHP Moochie Cahn
Batting: SHB Jim Arvin 0-0: Ball
1-0: Swinging Strike
1-1: Ball
2-1: Fly out, F7 (Flyball, 7LM, EV 95.0 MPH)
Batting: SHB Darren Clark 0-0: Ball
1-0: Ball
2-0: Ball
3-0: Called Strike
3-1: Base on Balls
Batting: RHB Trent Gianopulos 0-0: Fly out, F9 (Flyball, 9S, EV 85.6 MPH)
Batting: RHB Benny Ackley 0-0: Ball
1-0: Swinging Strike
1-1: Ball
2-1: TRIPLE (Line Drive, 9D, EV 96.2 MPH)
Darren Clark scores
Batting: RHB Julius Simpson 0-0: Foul Ball, location: 2F
0-1: Foul Ball, location: 2F
0-2: Foul Ball, location: 2F
0-2: Ball
1-2: DOUBLE (Line Drive, 9LS, EV 105.6 MPH)
Benny Ackley scores
Batting: LHB Wyatt Ludwig 0-0: Ball
1-0: Ball
2-0: Foul Ball, location: 2F
2-1: Fly out, F6 (Popup, 15, EV 84.4 MPH)
Top of the 4th over - 2 runs, 2 hits, 0 errors, 1 left on base; Ottawa 4 - Reno 0
BOTTOM OF THE 4TH
Reno Railers batting - Pitching for Ottawa Beavers : RHP Sidney Veisflog
Batting: SHB Braden Kelley 0-0: Called Strike
0-1: Ground out 3-1 (Groundball, 34S, EV 80.0 MPH)
Batting: LHB Waylon Spada 0-0: Called Strike
0-1: Ball
1-1: Ball
2-1: Ball
3-1: Base on Balls
Batting: RHB Harry Fischer 0-0: Called Strike
0-1: Ball
1-1: Foul Ball, location: 2F
1-2: DOUBLE (Flyball, 78D, EV 110.0 MPH)
Waylon Spada to third
Runner from 3rd tries for Home, SAFE, throw by CF to trailing runner, OUT at third! 8-3-5
Batting: RHB Rex Manning 0-0: Ball
1-0: Swinging Strike
1-1: Swinging Strike
1-2: Fly out, F9 (Line Drive, 9S, EV 94.4 MPH)
Bottom of the 4th over - 1 run, 1 hit, 0 errors, 0 left on base; Ottawa 4 - Reno 1
TOP OF THE 5TH
Ottawa Beavers batting - Pitching for Reno Railers : RHP Moochie Cahn
Batting: LHB Cole Tester 0-0: Ball
1-0: Foul Ball, location: 2F
1-1: Ball
2-1: Swinging Strike
2-2: Strikes out swinging
Batting: RHB Carlos Kinney 0-0: Ball
1-0: Foul Ball, location: 2F
1-1: Ball
2-1: Called Strike
2-2: Strikes out looking
Batting: RHB Gavin Wright 0-0: Ball
1-0: Ball
2-0: Ground out 4-3 (Groundball, 4, EV 84.4 MPH)
Top of the 5th over - 0 runs, 0 hits, 0 errors, 0 left on base; Ottawa 4 - Reno 1
BOTTOM OF THE 5TH
Reno Railers batting - Pitching for Ottawa Beavers : RHP Sidney Veisflog
Batting: RHB Sol Djojohadiksumo 0-0: Ball
1-0: Foul Ball, location: 2F
1-1: Swinging Strike
1-2: Foul Ball, location: 2F
1-2: DOUBLE (Line Drive, 78M, EV 95.6 MPH)
Batting: SHB Ke'Ron Nicolescu 0-0: Called Strike
0-1: Ball
1-1: Called Strike
1-2: SINGLE (Groundball, 3D, EV 103.8 MPH)
Sol Djojohadiksumo to third
Runner from 3rd tries for Home, SAFE, throw by RF to home
Ke'Ron Nicolescu to second
Batting: LHB Jon Dutton 0-0: Foul Ball, location: 2F
0-1: Foul Ball, location: 2F
0-2: Ball
1-2: Ball
2-2: DOUBLE (Line Drive, 7LM, EV 104.4 MPH)
Ke'Ron Nicolescu scores
Batting: RHB Seth Allen 0-0: Called Strike
0-1: Called Strike
0-2: Strikes out swinging
Batting: RHB Marcus Ross 0-0: Ball
1-0: Called Strike
1-1: Ball
2-1: Ball
3-1: Called Strike
3-2: Strikes out swinging
Batting: SHB Braden Kelley 0-0: Swinging Strike
0-1: Called Strike
0-2: Ground out 6-3 (Groundball, 6, EV 76.9 MPH)
Bottom of the 5th over - 2 runs, 3 hits, 0 errors, 1 left on base; Ottawa 4 - Reno 3
TOP OF THE 6TH
Ottawa Beavers batting - Pitching for Reno Railers : RHP Moochie Cahn
Batting: SHB Jim Arvin 0-0: Ball
1-0: Ball
2-0: Swinging Strike
2-1: Called Strike
2-2: Ball
3-2: Ground out 3-1 (Groundball, 34, EV 106.9 MPH)
Batting: SHB Darren Clark 0-0: Called Strike
0-1: Swinging Strike
0-2: Ball
1-2: Strikes out looking
Batting: RHB Trent Gianopulos 0-0: Called Strike
0-1: Ball
1-1: Foul Ball, location: 2F
1-2: Foul Ball, location: 2F
1-2: Ball
2-2: Ground out 5-3 (Groundball, 56, EV 96.9 MPH)
Top of the 6th over - 0 runs, 0 hits, 0 errors, 0 left on base; Ottawa 4 - Reno 3
BOTTOM OF THE 6TH
Reno Railers batting - Pitching for Ottawa Beavers : RHP Sidney Veisflog
Batting: LHB Waylon Spada 0-0: Foul Ball, location: 2F
0-1: Fly out, F8 (Flyball, 89D, EV 81.9 MPH)
Batting: RHB Harry Fischer 0-0: Ball
1-0: Foul Ball, location: 2F
1-1: Foul Ball, location: 2F
1-2: Ball
2-2: Foul Ball, location: 2F
2-2: Ball
3-2: Fly out, F7 (Flyball, 7D, EV 90.0 MPH)
Batting: RHB Rex Manning 0-0: Foul Ball, location: 2F
0-1: Ball
1-1: SINGLE (Line Drive, 7S, EV 110.6 MPH)
Batting: RHB Sol Djojohadiksumo 0-0: Called Strike
0-1: Foul Ball, location: 2F
0-2: Foul Ball, location: 2F
0-2: Foul Ball, location: 2F
0-2: Strikes out swinging
Bottom of the 6th over - 0 runs, 1 hit, 0 errors, 1 left on base; Ottawa 4 - Reno 3
TOP OF THE 7TH
Ottawa Beavers batting - Pitching for Reno Railers : RHP Moochie Cahn
Batting: RHB Benny Ackley 0-0: Ball
1-0: Ground out 6-3 (Groundball, 56, EV 99.4 MPH)
Batting: RHB Julius Simpson 0-0: SINGLE (Groundball, 6D, EV 101.9 MPH)
Batting: LHB Wyatt Ludwig 0-0: Ball
1-0: Ball
Julius Simpson is caught stealing 2nd base 2-6
2-0: Called Strike
2-1: Foul Ball, location: 2F
2-2: Foul Ball, location: 2F
2-2: Fly out, F5 (Line Drive, 5, EV 69.4 MPH)
Top of the 7th over - 0 runs, 1 hit, 0 errors, 0 left on base; Ottawa 4 - Reno 3
BOTTOM OF THE 7TH
Reno Railers batting - Pitching for Ottawa Beavers : RHP Sidney Veisflog
Batting: SHB Ke'Ron Nicolescu 0-0: Swinging Strike
0-1: Ground out 4-3 (Groundball, 4, EV 104.4 MPH)
Batting: LHB Jon Dutton 0-0: SINGLE (Line Drive, 78S, EV 90.6 MPH)
Batting: RHB Seth Allen 0-0: Called Strike
0-1: Swinging Strike
0-2: Strikes out swinging
Batting: RHB Marcus Ross 0-0: Ball
1-0: Ball
2-0: Ball
3-0: Called Strike
3-1: Base on Balls
Jon Dutton to second
Pitching: RHP Jerod Ola
Pinch Runner at 2nd Moses Thomas:
Batting: SHB Braden Kelley 0-0: Swinging Strike
0-1: Fly out, F7 (Line Drive, 7S, EV 93.8 MPH)
Bottom of the 7th over - 0 runs, 1 hit, 0 errors, 2 left on base; Ottawa 4 - Reno 3
TOP OF THE 8TH
Ottawa Beavers batting - Pitching for Reno Railers : RHP Moochie Cahn
Now at 3B: Toney Alexandru
Batting: LHB Cole Tester 0-0: Ball
1-0: Foul Ball, location: 2F
1-1: Ball
2-1: Foul Ball, location: 2F
2-2: Ball
3-2: Hit by Pitch
Batting: RHB Carlos Kinney 0-0: Ball
1-0: Ball
2-0: Called Strike
2-1: DOUBLE (Line Drive, 89XD, EV 105.6 MPH)
Cole Tester to third
Batting: RHB Gavin Wright 0-0: Intentional Walk
Batting: SHB Jim Arvin 0-0: Ball
1-0: Called Strike
1-1: Ball
2-1: GRAND SLAM HOME RUN (Flyball, 9D, EV 93.1 MPH), Distance : 367 ft
Pitching: RHP Nathan Buckley
Batting: SHB Darren Clark 0-0: Ball
1-0: Ball
2-0: Called Strike
2-1: Foul Ball, location: 2F
2-2: Ball
3-2: Foul Ball, location: 2F
3-2: Foul Ball, location: 2F
3-2: Base on Balls
Batting: RHB Trent Gianopulos 0-0: Ball
1-0: Called Strike
1-1: Ball
2-1: Fly out, F8 (Flyball, 8LXD, EV 103.1 MPH)
Batting: RHB Benny Ackley 0-0: Ball
1-0: Ball
2-0: Swinging Strike
2-1: Swinging Strike
2-2: Strikes out looking
Batting: RHB Julius Simpson 0-0: Called Strike
0-1: Swinging Strike
0-2: Strikes out swinging
Top of the 8th over - 4 runs, 2 hits, 0 errors, 1 left on base; Ottawa 8 - Reno 3
BOTTOM OF THE 8TH
Reno Railers batting - Pitching for Ottawa Beavers : RHP Jerod Ola
Batting: LHB Waylon Spada 0-0: Ball
1-0: Foul Ball, location: 2F
1-1: Fly out, F7 (Flyball, 7D, EV 92.5 MPH)
Batting: RHB Harry Fischer 0-0: Swinging Strike
0-1: Swinging Strike
0-2: Foul Ball, location: 2F
0-2: Ball
1-2: Strikes out swinging
Batting: RHB Rex Manning 0-0: Called Strike
0-1: Foul Ball, location: 2F
0-2: Ball
1-2: Strikes out swinging
Bottom of the 8th over - 0 runs, 0 hits, 0 errors, 0 left on base; Ottawa 8 - Reno 3
TOP OF THE 9TH
Ottawa Beavers batting - Pitching for Reno Railers : RHP Nathan Buckley
Batting: LHB Wyatt Ludwig 0-0: Swinging Strike
0-1: Foul Ball, location: 2F
0-2: Foul Ball, location: 2F
0-2: Ball
1-2: Foul Ball, location: 2F
1-2: Foul Ball, location: 2F
1-2: Fly out, F8 (Flyball, 78D, EV 83.1 MPH)
Batting: LHB Cole Tester 0-0: Ball
1-0: Called Strike
1-1: Foul Ball, location: 2F
1-2: Ball
2-2: Ball
3-2: Ground out 1-3 (Groundball, 15S, EV 70.0 MPH)
Batting: RHB Carlos Kinney 0-0: Ball
1-0: Called Strike
1-1: Swinging Strike
1-2: Ball
2-2: Strikes out swinging
Top of the 9th over - 0 runs, 0 hits, 0 errors, 0 left on base; Ottawa 8 - Reno 3
BOTTOM OF THE 9TH
Reno Railers batting - Pitching for Ottawa Beavers : RHP Jerod Ola
Batting: RHB Sol Djojohadiksumo 0-0: Foul Ball, location: 2F
0-1: Ball
1-1: Ball
2-1: Ball
3-1: Fly out, F5 (Popup, 6S, EV 66.2 MPH)
Batting: SHB Ke'Ron Nicolescu 0-0: DOUBLE (Line Drive, 89D, EV 102.5 MPH)
Batting: RHB Toney Alexandru 0-0: Ball
1-0: Foul Ball, location: 2F
1-1: Called Strike
1-2: Strikes out swinging
Batting: RHB Seth Allen 0-0: Called Strike
0-1: Ground out 5-3 (Groundball, 56S, EV 86.2 MPH)
Bottom of the 9th over - 0 runs, 1 hit, 0 errors, 1 left on base; Ottawa 8 - Reno 3
Monday, April 29th , 2024 - OOTP Baseball 23.10 Build 110